AoeStats
← ogipochi_

Nomad

504049277Analyzed
3v3 RM · 1mo ago on Sep 3, 2026· 68m 19s· 6 players
Game mode
Random Map
Map size
210×210
Population
200
Speed
Normal
Resources
Standard
Victory
Conquest
Starting age
Dark Age
Ending age
Imperial Age
RankedLock teamsTeams togetherTeam positionsShared explorationLock speedFull tech treeHidden civsTurbo modeCheats
Victory
Defeat
🇮🇳 Ethiopians · India
992
+13
🇨🇳 Magyars · China
884
+18
🇯🇵 Aztecs · Japan
860
+19
🇷🇺 Huns · Russia
984
-19
🇪🇸 Huns · Spain
912
-16
🇧🇷 Goths · Brazil
901
-15
ROMMEL X
13:51 Feudal Age
15:11 Man-at-Arms
20:09 Fletching
20:19 Padded Archer Armor
26:46 Castle Age
28:32 Thumb Ring
27:48 Crossbowman
31:16 Wheelbarrow
35:26 Bodkin Arrow
35:47 Leather Archer Armor
41:23 Ballistics
47:43 Imperial Age
48:51 Bracer
50:46 Chemistry
50:08 Hand Cart
50:17 Cavalier
52:30 Husbandry
53:00 Conscription
56:19 Scale Barding Armor
56:25 Forging
58:49 Chain Barding Armor
59:04 Iron Casting
62:14 Elite Skirmisher
63:08 Elite Skirmisher
MP
16:24 Feudal Age
18:05 Man-at-Arms
22:00 Double-Bit Axe
25:06 Castle Age
25:10 Crossbowman
60:25 Caravan
61:27 Wheelbarrow
68:05 Imperial Age
Karui
4:17 Loom
17:07 Feudal Age
18:10 Fishing Lines
18:17 Fishing Lines
21:19 Castle Age
20:55 Scale Barding Armor
21:47 Forging
23:30 Chain Barding Armor
23:49 Iron Casting
24:28 Double-Bit Axe
26:08 Stone Mining
26:40 Bloodlines
31:11 Horse Collar
31:48 Husbandry
35:09 Fletching
35:20 Padded Archer Armor
36:01 Bow Saw
35:57 Heavy Plow
37:07 Wheelbarrow
37:11 Marauders
38:17 Gold Mining
38:36 Bodkin Arrow
38:57 Leather Archer Armor
42:05 Thumb Ring
44:55 Imperial Age
42:45 Hand Cart
43:13 Light Cavalry
46:15 Parthian Tactics
47:05 Chemistry
46:26 Ballistics
45:38 Heavy Cavalry Archer
46:50 Bracer
48:47 Two-Man Saw
47:27 Hussar
49:59 Masonry
51:04 Conscription
52:17 Blast Furnace
53:59 Plate Barding Armor
60:38 Town Watch
62:36 Murder Holes
ogipochi_
10:24 Loom
15:47 Feudal Age
17:06 Wheelbarrow
16:18 Double-Bit Axe
16:14 Horse Collar
16:19 Fishing Lines
16:04 Man-at-Arms
16:30 Arson
17:51 Gold Mining
17:51 Stone Mining
20:45 Forging
20:36 Scale Mail Armor
22:58 Stone Mining
26:24 Castle Age
27:40 Iron Casting
27:20 Chain Mail Armor
26:28 Eagle Warrior
27:09 Squires
26:55 Gambesons
28:32 Hand Cart
31:15 Town Watch
33:52 Town Patrol
38:13 Imperial Age
39:45 Gold Shaft Mining
39:47 Garland Wars
38:52 Capped Ram
40:38 Fletching
41:51 Blast Furnace
41:22 Plate Mail Armor
43:33 Elite Jaguar Warrior
44:36 Conscription
58:16 Caravan
57:49 Elite Skirmisher
57:55 Crossbowman
58:30 Fletching
58:41 Padded Archer Armor
59:43 Chemistry
59:04 Ballistics
59:46 Chemistry
58:40 Arbalester
60:27 Bodkin Arrow
60:48 Leather Archer Armor
65:34 Bracer
00000
15:35 Feudal Age
13:51 Loom
17:15 Man-at-Arms
17:52 Double-Bit Axe
17:51 Fishing Lines
21:44 Horse Collar
28:21 Padded Archer Armor
28:12 Fletching
53:43 Castle Age
53:44 Stone Mining
53:47 Gold Mining
55:00 Gillnets
55:34 Bow Saw
60:19 Heavy Plow
61:55 Stone Shaft Mining
63:50 Wheelbarrow
63:49 Husbandry
64:05 Light Cavalry
66:37 Hand Cart
大禹
17:02 Feudal Age
15:19 Loom
17:19 Man-at-Arms
18:54 Scale Mail Armor
19:21 Arson
21:53 Double-Bit Axe
21:55 Horse Collar
27:28 Castle Age
26:16 Gold Mining
26:17 Stone Mining
26:46 Bloodlines
29:14 Bow Saw
31:51 Scale Barding Armor
37:45 Heavy Plow
43:17 Imperial Age
41:24 Wheelbarrow
41:15 Corvinian Army
42:34 Gold Shaft Mining
42:56 Hand Cart
43:48 Chain Barding Armor
44:33 Conscription
44:41 Elite Magyar Huszar
46:26 Plate Barding Armor
45:52 Padded Archer Armor
46:51 Husbandry
46:45 Fletching
47:28 Parthian Tactics
47:59 Recurve Bow
47:22 Heavy Cavalry Archer
49:07 Ballistics
49:17 Leather Archer Armor
48:58 Bodkin Arrow
51:13 Ring Archer Armor
50:44 Bracer
Connection lost

Rejoining the realm…

Still unreachable

The connection could not be restored.

Session expired

The server has moved on; the page needs a fresh start.